 Dungeon Crawl Stone Soup version 0.31-a0-828-gb7646bb5e3 (webtiles) character file.

Game seed: 4094357607018831940

350 Descartes the Digger (level 6, -2/41 HPs)
             Began as a Formicid Earth Elementalist on Sept 24, 2023.
             Slain by Edmund
             ... wielding a +1 dire flail of protection
              (9 damage)
             ... on level 3 of the Dungeon.
             The game lasted 00:08:03 (3311 turns).

Descartes the Digger (Formicid Earth Elementalist)  Turns: 3311, Time: 00:08:04

Health: -2/41      AC: 11    Str: 14    XL:     6   Next: 92%
Magic:  10/12      EV: 11    Int: 15    God:
Gold:   109        SH:  0    Dex: 14    Spells: 12/13 levels left

rFire   . . .        h - +2 short sword (flame)
rCold   . . .        (no shield)
rNeg    . . .        w - +0 ring mail
rPois   .            (helmet unavailable)
rElec   .            d - +0 cloak
rCorr   .            c - +0 pair of gloves
SInv    +            (no boots)
Will    .....        (no amulet)
Stlth   +            f - +4 ring of protection
HPRegen 0.26/turn    (no ring)
MPRegen 0.13/turn

%: no passive effects
@: brilliant, very slightly contaminated
A: permanent stasis, dig shafts and tunnels, antennae 3, four strong arms
a: Dig, Shaft Self


You were on level 3 of the Dungeon.
You visited 1 branch of the dungeon, and saw 4 of its levels.

You collected 109 gold pieces.

Inventory:

Hand Weapons
 e - a +0 club
 h - a +2 short sword of flaming (weapon)
 l - a +2 heavy falchion
 m - a +2 heavy morningstar
Missiles
 j - 2 silver javelins
 r - 8 poisoned darts
Armour
 a - a +0 robe
 c - a +0 pair of gloves (worn)
 d - a +0 cloak (worn)
 g - a +0 chain mail
 w - a +0 ring mail (worn)
Jewellery
 f - a +4 ring of protection (left hand)
Scrolls
 i - a scroll of silence {unknown}
 k - 2 scrolls of identify {unknown}
 n - a scroll of fog {unknown}
 s - a scroll of poison {unknown}
 t - a scroll of torment {unknown}
Potions
 b - a potion of magic
 o - a potion of mutation {unknown}
 p - a potion of enlightenment {unknown}
 q - a potion of cancellation {unknown}
 u - a potion of brilliance
 v - a potion of curing {unknown}


   Skills:
 + Level 2.3 Armour
 - Level 1.7 Dodging
 - Level 2.4 Stealth
 + Level 4.1 Spellcasting
 + Level 2.9 Conjurations
 - Level 1.1 Transmutations
 + Level 5.5 Earth Magic


You had 12 spell levels left.
You knew the following spells:

 Your Spells              Type           Power      Damage    Failure   Level
a - Sandblast             Erth           58%        2d13      3%          1

Your spell library contained the following spells:

 Spells                   Type           Power      Damage    Failure   Level
 Magic Dart               Conj           68%        1d6       11%         1
 Passwall                 Tmut/Erth      15%        N/A       14%         2
 Searing Ray              Conj           34%        2d5       16%         2
 Stone Arrow              Conj/Erth      46%        3d9       19%         3
 Shock                    Conj/Air       44%        1d5       21%         1
 Poisonous Vapours        Pois/Air       8%         N/A       47%         2
 Brom's Barrelling Bould  Conj/Erth      23%        2d4       54%         4
 Mephitic Cloud           Conj/Pois/Air  8%         N/A       58%         3
 Petrify                  Tmut/Erth      19%        N/A       65%         4
 Inner Flame              Hex/Fire       4%         N/A       71%         3
 Fulminant Prism          Conj/Hex       5%         3d7       89%         4
 Airstrike                Air            2%         2d(1-17)  98%         4
 Freezing Cloud           Conj/Ice/Air   4%         6-21      100%        5
 Yara's Violent Unravell  Hex/Tmut       3%         3d4       100%        5
 Enfeeble                 Hex            2%         N/A       100%        7
 Swiftness                Air            Unusable   N/A       N/A         3

Dungeon Overview and Level Annotations

Branches:
Dungeon (4/15)
 Temple: D:4-7

Altars:
Makhleb
The Shining One

Shops:
D:2 ?

Annotations:
D:3 Edmund
D:4 Dowan, Duvessa, Sigmund


Innate Abilities, Weirdness & Mutations

You cannot be hasted, slowed, berserked, paralysed or teleported.
You can dig through walls and to a lower floor.
You have a pair of large antennae on your head. (SInv)
Your four strong arms can wield two-handed weapons with a shield.


Message History

Press: ? - help, Shift-Dir - straight line, f/p - Edmund
Aim: Edmund, wielding a +1 dire flail of protection and wearing a +0 scale mail (lightly wounded, 85% to hit)
You feel a surge of power!
The blast of sand hits Edmund but does no damage.
Edmund is lightly wounded.
Edmund hits you with a +1 dire flail of protection.
* * * LOW HITPOINT WARNING * * *
Edmund barely misses you. Magic courses through your body.
Edmund hits you but does no damage.
Casting: Sandblast (safe; 3% risk of failure)
Confirm with . or Enter, or press ? or * to list all spells.
Aiming: Sandblast (safe; 3% risk of failure)
Press: ? - help, Shift-Dir - straight line, f/p - Edmund
Aim: Edmund, wielding a +1 dire flail of protection and wearing a +0 scale mail (lightly wounded, 85% to hit)
You feel a surge of power!
You miscast Sandblast.
You are very lightly contaminated with residual magic.
Nothing appears to happen.
Edmund misses you.
Casting: Sandblast (safe; 3% risk of failure)
Confirm with . or Enter, or press ? or * to list all spells.
Aiming: Sandblast (safe; 3% risk of failure)
Press: ? - help, Shift-Dir - straight line, f/p - Edmund
Aim: Edmund, wielding a +1 dire flail of protection and wearing a +0 scale mail (lightly wounded, 85% to hit)
You feel a surge of power!
The blast of sand hits Edmund but does no damage.
Edmund is lightly wounded.
Edmund hits you with a +1 dire flail of protection.
* * * LOW HITPOINT WARNING * * *
Casting: Sandblast (safe; 3% risk of failure)
Confirm with . or Enter, or press ? or * to list all spells.
Aiming: Sandblast (safe; 3% risk of failure)
Press: ? - help, Shift-Dir - straight line, f/p - Edmund
Aim: Edmund, wielding a +1 dire flail of protection and wearing a +0 scale mail (lightly wounded, 85% to hit)
You feel a surge of power!
The blast of sand hits Edmund but does no damage.
Edmund is lightly wounded.
Edmund whines, "My parents never had time for me!"
Edmund misses you.
Edmund hits you with a +1 dire flail of protection!
You die...
Edmund says, "That'll show my brother!"

### ##.## # ####...## #
##.#.....########## #
##.................. #
#.........#####.#### ######
##..>#[..## ##.>.##. .....#####
##@###.## #..)..## ......†..# #@#
### ##...### .###.###.# #.# ##.##
# .# #.# #.# #.# #.# # .# #.###.#
#.# #.# # .# #.....# #.# ##'## #
.######..# #.## ##...###
.........# #..## ##.....##
####.##.## ##..## ##.......#
###...#.#########...####.........


You could see Edmund.

Vanquished Creatures
  A black bear (D:3)
  A phantom (D:3)
  Jessica (D:3)
  A gnoll (D:1)
  6 adders
  4 dart slugs
  2 orcs (D:3)
  9 bats
  8 endoplasms
  2 giant cockroaches
  6 hobgoblins
  4 jackals (D:2)
  6 quokkas
  11 ball pythons
  4 frilled lizards
  7 goblins
  4 kobolds
  9 rats
86 creatures vanquished.

Notes
Turn   | Place    | Note
-------+----------+-------------------------------------------
     0 | D:1      | Descartes the Formicid Earth Elementalist began the quest
                  | for the Orb.
     0 | D:1      | Reached XP level 1. HP: 13/13 MP: 3/3
   173 | D:1      | Reached XP level 2. HP: 19/19 MP: 3/5
   293 | D:1      | Reached skill level 4 in Earth Magic
   462 | D:1      | Reached skill level 1 in Conjurations
   511 | D:1      | Reached XP level 3. HP: 15/24 MP: 1/7
  1126 | D:2      | Reached XP level 4. HP: 30/30 MP: 5/8
  1540 | D:2      | Reached XP level 5. HP: 24/35 MP: 3/9
  1641 | D:2      | Found The Oracle's Delphic Readings.
  1965 | D:3      | Noticed Jessica
  1971 | D:3      | Killed Jessica
  2016 | D:3      | Noticed a black bear
  2030 | D:3      | Killed a black bear
  2031 | D:3      | Reached skill level 1 in Armour
  2031 | D:3      | Reached skill level 5 in Earth Magic
  2031 | D:3      | Reached XP level 6. HP: 9/41 MP: 5/11
  2433 | D:3      | Found a burning altar of Makhleb.
  3020 | D:3      | Found a glowing golden altar of the Shining One.
  3216 | D:4      | Noticed Sigmund
  3292 | D:4      | Noticed Edmund
  3293 | D:4      | Noticed Dowan
  3295 | D:4      | Noticed Duvessa
  3311 | D:3      | Slain by Edmund

Illustrated notes

Levels and vault maps discovered:
D:1:      lightli_arrival_noodles, layout_loops_ring
D:2:      layout_rooms, nicolae_nh_oracle_at_delphi
D:3:      layout_loops_corners, tso_oasis_becter, bloody_makhleb, uniq_jessica
D:4:      layout_cave_pools, uniq_edmund, uniq_duvessa, uniq_pikel, uniq_sigmund

Skill      XL: |  1  2  3  4  5  6 |
---------------+-------------------+-----
Earth Magic    | 4 5 |  5.5
Conjurations   | 1 2 |  2.9
Spellcasting   | 3 4 |  4.1
Armour         | 1 2 |  2.3
Dodging        | |  1.7
Stealth        | |  2.4
Transmutations | |  1.1

Action                     |  1- 3 |  4- 6 || total
---------------------------+-------+-------++-------
  Melee: Club              |     2 |       ||     2
         Short sword       |       |     3 ||     3
   Cast: Sandblast         |    40 |    94 ||   134
    Use: Potion            |       |     2 ||     2
 Armour: Robe              |    13 |    30 ||    43
         Ring mail         |       |    21 ||    21
  Dodge: Dodged            |    12 |    29 ||    41

Table legend: (Time is in decaauts)
 A = Elapsed time spent in this place.
 B = Non-inter-level travel time spent in this place.
 C = Inter-level travel time spent in this place.
 D = Time resting spent in this place.
 E = Time spent auto-exploring this place.
 F = Levels seen in this place.
 G = Mean time per level.
                   A        B        C        D        E       F      G
               +--------+--------+--------+--------+--------+-----+--------+
         Total |   3376 |   3254 |    122 |      0 |   2704 |   4 |  844.0 |
       Dungeon |   3376 |   3254 |    122 |      0 |   2704 |   4 |  844.0 |
               +--------+--------+--------+--------+--------+-----+--------+

Top non-repeatable levels by time:
     D:3: 1324 daAuts
     D:1: 1137 daAuts
     D:2: 865 daAuts
     D:4: 48 daAuts
